 Dungeon Crawl Stone Soup version 0.30-a0-857-gcaf70739d4 (webtiles) character file.

Game seed: 6286068194244091806

2384 cforsyth the Thaumaturge (level 9, -8/45 HPs)
             Began as a Deep Elf Earth Elementalist on Mar 6, 2023.
             Was a Believer of Vehumet.
             Mangled by a hornet (15 damage)
             ... on level 7 of the Dungeon.
             The game lasted 00:12:11 (6343 turns).

cforsyth the Thaumaturge (DEEE)                     Turns: 6343, Time: 00:12:11

Health: -8/45      AC:  4    Str:  5    XL:     9   Next: 22%
Magic:  3/26       EV: 12    Int: 25    God:    Vehumet [**....]
Gold:   405        SH:  0    Dex: 15    Spells: 23/31 levels left

rFire   + + .      SeeInvis .    (no weapon)
rCold   + + .      Faith    .    (no shield)
rNeg    . . .      Spirit   .    e - +0 robe {rC+ rF+}
rPois   .          Reflect  .    d - +0 helmet
rElec   .          Rampage  .    t - scarf {rC+ rF+}
rCorr   +                        s - +0 pair of gloves
Will    .....                    (no boots)
Stlth   ++                       (no amulet)
HPRegen 0.27/turn                o - ring of resist corrosion
MPRegen 0.20/turn                (no ring)

@: lethally poisoned (-8 -> -16), slowed, very slow
A: no striking features
a: Renounce Religion


You were on level 7 of the Dungeon.
You worshipped Vehumet.
Vehumet was pleased with you.
You visited 1 branch of the dungeon, and saw 8 of its levels.

You collected 405 gold pieces.

Inventory:

Armour
 a - a +0 robe
 d - a +0 helmet (worn)
 e - a +0 robe of resistance (worn)
 s - a +0 pair of gloves (worn)
 t - a scarf of resistance (worn)
Jewellery
 o - a ring of resist corrosion (left hand)
Wands
 c - a wand of light (12)
 u - a wand of iceblast (2)
Scrolls
 i - a scroll of teleportation
 n - a scroll of vulnerability
 p - a scroll of poison
 v - a scroll of enchant armour
Potions
 b - a potion of magic
 f - 5 potions of cancellation
 g - 4 potions of mutation
 h - 3 potions of lignification
 l - 3 potions of curing
 m - 2 potions of brilliance


   Skills:
 - Level 2.4 Dodging
 - Level 2.4 Stealth
 + Level 11.7 Spellcasting
 - Level 1.1 Transmutations
 + Level 10.2 Earth Magic


You had 23 spell levels left.
You knew the following spells:

 Your Spells              Type           Power      Damage    Failure   Level
a - Sandblast             Erth           100%       2d20      1%          1
b - Stone Arrow           Conj/Erth      80%        3d12      1%          3
c - Petrify               Tmut/Erth      43%        N/A       4%          4

Your spell library contained the following spells:

 Spells                   Type           Power      Damage    Failure   Level
 Momentum Strike          Conj/Tloc      28%        3d8       6%          2
 Passwall                 Tmut/Erth      35%        N/A       1%          2
 Kiss of Death            Conj/Necr      56%        2d9       4%          1
 Magic Dart               Conj           56%        1d5       4%          1
 Summon Small Mammal      Summ           56%        N/A       4%          1
 Searing Ray              Conj           28%        2d5       6%          2
 Call Canine Familiar     Summ           14%        N/A       12%         3
 Confusing Touch          Hex            14%        N/A       12%         3
 Summon Guardian Golem    Hex/Summ       14%        N/A       12%         3
 Dispel Undead            Necr           14%        3d10      38%         4
 Fulminant Prism          Conj/Hex       7%         3d7       38%         4


Dungeon Overview and Level Annotations

Branches:
Dungeon (8/15)             Temple (0/1) D:7
   Lair: D:8-11

Altars:
Elyvilon
Hepliaklqana
Nemelex Xobeh
Okawaru
Ru
Sif Muna
Vehumet

Shops:
D:2 (   D:5 [   D:6 (

Annotations:
D:2 1 runed translucent door, Crazy Yiuf


Message History

You can't see any susceptible monsters within range! (Use Z to cast anyway.)
Casting: Stone Arrow (safe; 1% risk of failure)
Confirm with . or Enter, or press ? or * to list all spells.
Aiming: Stone Arrow (safe; 1% risk of failure)
Press: ? - help, Shift-Dir - straight line, f - steam dragon
Aim: a steam dragon (74% to hit)
The stone arrow hits the steam dragon!
The steam dragon is heavily wounded.
Casting: Stone Arrow (safe; 1% risk of failure)
Confirm with . or Enter, or press ? or * to list all spells.
Aiming: Stone Arrow (safe; 1% risk of failure)
Press: ? - help, Shift-Dir - straight line, f/p - steam dragon
Aim: a steam dragon (heavily wounded, 74% to hit)
The stone arrow hits the steam dragon!!
You kill the steam dragon!
Vehumet accepts your kill.
h - 3 potions of lignification (gained 1)
Found a robe.
You see here a sky beast corpse.
Found a stone staircase leading up.
A hornet comes into view.
The hornet buzzes angrily.
The blast of sand hits the hornet!
The hornet is moderately wounded.
The blast of sand hits the hornet!!
The hornet is almost dead.
The hornet stings you!
You feel yourself slow down. The hornet stings you!
* * * LOW HITPOINT WARNING * * *
You are lethally poisoned!
You feel as though you will be slow longer.
Casting: Sandblast (safe; 1% risk of failure)
Confirm with . or Enter, or press ? or * to list all spells.
Aiming: Stone Arrow (safe; 1% risk of failure)
Press: ? - help, Shift-Dir - straight line, f/p - hornet
Aim: a hornet (almost dead, 64% to hit)
The stone arrow misses the hornet.
* * * LOW HITPOINT WARNING * * *
You feel very sick. The hornet stings you!
You die...

......##.#..#.#
..(....#..##...#..
.......'.........#
.......#...#....<#
......##...#.....#
§###+###...#.....# #..
......#.....##+## ...
.....#....y+...# ....
....#....@#.<[#
#.....##...#.....#...#
#.....##...#.....#?####
#......#...#......†...#
#......#...#..........#
#......#..............#
#......#...#..........#
.......#...##+###.....#
.......#........#....$#


You could see a hornet.

Vanquished Creatures
  Sigmund (D:6)
  A wyvern (D:7)
  Eustachio (D:6)
  A steam dragon (D:7)
  A water moccasin (D:4)
  An ice beast (D:5)
  A sky beast (D:7)
  A black bear (D:6)
  2 phantoms
  A centaur (D:6)
  2 ogres
  Blork the orc (D:6)
  A gnoll sergeant (D:7)
  A scorpion (D:6)
  2 howler monkeys (D:8)
  A jelly (D:7)
  A hound (D:6)
  4 orc priests
  Jessica (D:2)
  6 iguanas
  An orc wizard (D:6)
  A sleepcap (D:5)
  10 adders
  15 gnolls
  A shadow imp (D:7)
  2 white imps
  An ufetubus (D:5)
  3 worms
  4 dart slugs
  9 orcs
  4 ball pythons
  5 bats
  14 endoplasms
  A giant cockroach (D:1)
  12 goblins
  7 hobgoblins
  2 jackals (D:1)
  3 quokkas
  2 frilled lizards (D:1)
  5 kobolds
  6 rats
139 creatures vanquished.

Vanquished Creatures (others)
  5 fungi (D:2)
5 creatures vanquished.

Grand Total: 144 creatures vanquished

Notes
Turn   | Place    | Note
-------+----------+-------------------------------------------
     0 | D:1      | cforsyth the Deep Elf Earth Elementalist began the quest
                  | for the Orb.
     0 | D:1      | Reached XP level 1. HP: 10/10 MP: 6/6
   118 | D:1      | Reached XP level 2. HP: 15/15 MP: 4/8
   402 | D:1      | Reached skill level 4 in Spellcasting
   497 | D:1      | Reached XP level 3. HP: 18/19 MP: 5/10
   910 | D:2      | Noticed Jessica
   913 | D:2      | Killed Jessica
   914 | D:2      | Reached XP level 4. HP: 24/24 MP: 8/12
  1148 | D:2      | Found Ram Vali's Weapon Shop.
  1201 | D:2      | Reached skill level 5 in Spellcasting
  1299 | D:2      | Found a faded altar of an unknown god.
  1502 | D:2      | Found a sparkling altar of Nemelex Xobeh.
  1685 | D:2      | Found a runed translucent door.
  1686 | D:2      | Noticed Crazy Yiuf
  1759 | D:3      | Found a sparkling altar of Nemelex Xobeh.
  1961 | D:3      | Reached skill level 5 in Earth Magic
  1963 | D:3      | Reached XP level 5. HP: 13/28 MP: 9/14
  2425 | D:3      | Found a radiant altar of Vehumet.
  2597 | D:3      | Became a worshipper of Vehumet
  2742 | D:4      | Noticed a water moccasin
  3053 | D:4      | Reached skill level 6 in Spellcasting
  3146 | D:4      | Killed a water moccasin
  3147 | D:4      | Reached XP level 6. HP: 32/32 MP: 13/17
  3881 | D:5      | Entered Level 5 of the Dungeon
  3890 | D:5      | Noticed an ice beast
  3895 | D:5      | Killed an ice beast
  3896 | D:5      | Reached skill level 7 in Spellcasting
  3992 | D:5      | Reached XP level 7. HP: 36/36 MP: 16/20
  4155 | D:5      | Found a hazy altar of Hepliaklqana.
  4169 | D:5      | Learned a level 3 spell: Stone Arrow
  4183 | D:5      | Reached skill level 8 in Spellcasting
  4183 | D:5      | Reached * piety under Vehumet
  4183 | D:5      | Offered knowledge of Shock by Vehumet.
  4243 | D:5      | Found Volaptu's Armour Shoppe.
  4769 | D:4      | Found a shimmering blue altar of Sif Muna.
  4771 | D:4      | Found an iron altar of Okawaru.
  4951 | D:6      | Noticed Sigmund
  4955 | D:6      | Killed Sigmund
  4958 | D:6      | Reached skill level 9 in Spellcasting
  4961 | D:6      | Reached XP level 8. HP: 41/41 MP: 16/23
  5075 | D:6      | Noticed Blork the orc
  5078 | D:6      | Killed Blork the orc
  5120 | D:6      | Found Wuchoapn's Antique Weapon Shop.
  5256 | D:6      | Noticed Eustachio
  5417 | D:6      | Reached skill level 10 in Spellcasting
  5643 | D:6      | Killed Eustachio
  6000 | D:6      | Learned a level 4 spell: Petrify
  6126 | D:7      | Reached skill level 11 in Spellcasting
  6129 | D:7      | Offered knowledge of Momentum Strike by Vehumet.
  6164 | D:7      | Found a sacrificial altar of Ru.
  6207 | D:7      | Found a staircase to the Ecumenical Temple.
  6209 | D:7      | Reached ** piety under Vehumet
  6210 | D:7      | Reached XP level 9. HP: 45/45 MP: 24/26
  6247 | D:7      | You fall into a shaft and drop 1 floor!
  6276 | D:8      | Found a white marble altar of Elyvilon.
  6299 | D:8      | Reached skill level 10 in Earth Magic
  6343 | D:7      | Mangled by a hornet

Illustrated notes

Levels and vault maps discovered:
D:1:      mrwooster_arrival_statue_2, layout_rooms, minmay_misc_feat_hallway
D:2:      layout_loops_ring, serial_shops, nicolae_shop_bloodbath_and_beyond,
          basic_altar, hellmonk_ecumenical_altar_slurped_away,
          uniq_crazy_yiuf_cottage, uniq_jessica
D:3:      layout_loops_ring, nemelex_spade_bored_becter,
          nicolae_vehumet_altar_sigil
D:4:      layout_basic, nicolae_overflow_hidden_temple
D:5:      layout_cave_pools, lemuel_crystal_altar, serial_bayou,
          serial_bayou_lagoon_b, serial_bayou_shore_a, serial_bayou_pond_c,
          serial_bayou_shore_b, serial_shops, nicolae_shop_advertising_works
          [nicolae_subvault_shop_adworks]
D:6:      layout_layer_cave, serial_shops, shop, kennysheep_generic_room_8,
          uniq_eustachio, uniq_blork_the_orc, uniq_sigmund
D:7:      layout_gridville, mainiacjoe_overflow_paths,
          minmay_temple_entry_mini_moons, nicolae_ossuary_entry_giza
D:8:      layout_rooms, lemuel_doored_altar,
          nicolae_gozag_conspicuous_consumption, uniq_grum, uniq_maggie

Skill      XL: |  1  2  3  4  5  6  7  8  9 |
---------------+----------------------------+-----
Spellcasting   | 4 5 6 7 9 11 | 11.7
Earth Magic    | 4 5 6 8 9 10 | 10.2
Dodging        | |  2.4
Stealth        | |  2.4
Transmutations | |  1.1

Action                     |  1- 3 |  4- 6 |  7- 9 || total
---------------------------+-------+-------+-------++-------
  Melee: Unarmed           |     1 |     6 |       ||     7
   Cast: Sandblast         |    41 |    96 |    87 ||   224
         Stone Arrow       |       |       |    12 ||    12
    Use: Scroll            |       |     7 |     6 ||    13
         Potion            |       |       |     1 ||     1
 Armour: Robe              |     2 |    11 |     4 ||    17
  Dodge: Dodged            |     7 |    46 |    18 ||    71

Table legend: (Time is in decaauts)
 A = Elapsed time spent in this place.
 B = Non-inter-level travel time spent in this place.
 C = Inter-level travel time spent in this place.
 D = Time resting spent in this place.
 E = Time spent auto-exploring this place.
 F = Levels seen in this place.
 G = Mean time per level.
                   A        B        C        D        E       F      G
               +--------+--------+--------+--------+--------+-----+--------+
         Total |   6500 |   5977 |    523 |    388 |   4419 |   8 |  812.5 |
       Dungeon |   6500 |   5977 |    523 |    388 |   4419 |   8 |  812.5 |
               +--------+--------+--------+--------+--------+-----+--------+

Top non-repeatable levels by time:
     D:6: 1200 daAuts
     D:2: 1195 daAuts
     D:4: 1176 daAuts
     D:5: 926 daAuts
     D:3: 906 daAuts
     D:1: 856 daAuts
     D:7: 193 daAuts
     D:8: 47 daAuts
